AoeStats
← TM Caesar

Golden Pit

507835299Analyzed
1v1 RM · 14d ago on Sep 19, 2026· 45m 0s· 2 players
Game mode
Random Map
Map size
Tiny (2 player)
Population
200
Speed
Normal
Resources
Standard
Victory
Conquest
Starting age
Dark Age
Ending age
Imperial Age
RankedLock teamsTeams togetherTeam positionsShared explorationLock speedFull tech treeHidden civsTurbo modeCheats
Victory
Defeat
🇬🇧 Armenians · United Kingdom
1700
+15
🇦🇷 Wu · Argentina
1669
-15
TM Caesar
6:40 Loom
9:03 Feudal Age
9:18 Man-at-Arms
10:10 Double-Bit Axe
14:05 Fletching
18:16 Horse Collar
20:44 Castle Age
19:35 Scale Mail Armor
21:17 Forging
20:55 Horse Collar
21:46 Chain Mail Armor
22:28 Squires
23:49 Arson
30:42 Iron Casting
30:09 Long Swordsman
31:35 Bodkin Arrow
33:23 Wheelbarrow
33:29 Wheelbarrow
39:25 Town Watch
AkaP
9:18 Feudal Age
9:00 Loom
11:48 Double-Bit Axe
12:44 Horse Collar
13:55 Fletching
18:24 Padded Archer Armor
23:46 Castle Age
22:34 Man-at-Arms
23:17 Scale Mail Armor
23:28 Forging
23:23 Long Swordsman
24:41 Squires
24:25 Two-Handed Swordsman
25:33 Chain Mail Armor
25:26 Gambesons
27:44 Wheelbarrow
29:19 Arson
34:29 Town Watch
35:56 Heavy Plow
40:40 Bow Saw
44:43 Imperial Age
42:17 Bodkin Arrow
42:30 Gold Mining
43:24 Iron Casting
43:25 Champion
45:04 Masonry
45:15 Ballistics
45:59 Conscription
Connection lost

Rejoining the realm…

Still unreachable

The connection could not be restored.

Session expired

The server has moved on; the page needs a fresh start.